 Dungeon Crawl Stone Soup version 0.29-a0-43-g62a80824bf (webtiles) character file.

Game seed: 11534476430772275001

679 siradein the Charlatan (level 7, -3/60 HPs)
             Began as a White Draconian Artificer on Feb 3, 2022.
             Was an Initiate of Hepliaklqana.
             Killed from afar by an orc wizard (8 damage)
             ... with a magic dart
             ... on level 5 of the Dungeon.
             The game lasted 00:12:09 (5044 turns).

siradein the Charlatan (White Draconian Artificer)  Turns: 5044, Time: 00:12:10

Health: -3/60      AC:  7    Str: 15    XL:     7   Next: 34%
Magic:  7/7        EV: 13    Int: 11    God:    Hepliaklqana [......]
Gold:   60         SH:  0    Dex: 13    Spells: 6/6 levels left

rFire   . . .      SeeInvis +   s - +0 long sword
rCold   + . .      Faith    .   (no shield)
rNeg    . . .      Spirit   .   (armour unavailable)
rPois   .          Reflect  .   (helmet restricted)
rElec   .          Harm     .   i - +0 cloak
rCorr   +          Rampage  .   (no gloves)
Will    .....                   (no boots)
Stlth   ++........              (no amulet)
HPRegen 0.20/turn               h - ring of resist corrosion
MPRegen 0.10/turn               j - ring of see invisible

@: no status effects
A: breathe frost, AC +6, unfitting armour, cold resistance 1, cold-blooded
a: Breathe Frost, Renounce Religion


You were on level 5 of the Dungeon.
You worshipped Hepliaklqana.
Hepliaklqana was noncommittal.
You visited 2 branches of the dungeon, and saw 6 of its levels.

You collected 192 gold pieces.
You spent 132 gold pieces at shops.

Inventory:

Hand Weapons
 s - a +0 long sword (weapon)
 u - a +1 dagger of venom
Missiles
 r - 5 poisoned darts
Armour
 i - a +0 cloak (worn)
 n - an orb of energy
Jewellery
 a - a ring of flight
 h - a ring of resist corrosion (left hand)
 j - a ring of see invisible (right hand)
Wands
 b - a wand of flame (39)
 c - a wand of charming (15)
 p - a wand of digging (3)
Scrolls
 e - a scroll of enchant weapon {unknown}
 g - a scroll of identify {unknown}
 k - 2 scrolls of magic mapping {unknown}
 l - 2 scrolls of fog {unknown}
 m - 2 scrolls of torment {unknown}
 o - 2 scrolls of fear {unknown}
 q - 3 scrolls of teleportation {unknown}
 v - a scroll of vulnerability {unknown}
 y - a scroll of holy word {unknown}
Potions
 f - 2 potions of mutation {unknown}
 t - 2 potions of curing
 w - a potion of brilliance {unknown}
 x - a potion of attraction
 z - a potion of lignification
 A - a potion of invisibility {unknown}
Miscellaneous
 d - a piece from Xom's chessboard (15/15)


   Skills:
 + Level 4.4 Fighting
 + Level 3.7 Long Blades
 + Level 4.1 Dodging
 - Level 0.8 Stealth
 + Level 5.0 Evocations


You had 6 spell levels left.
You didn't know any spells.
Your spell library contained the following spells:

 Spells                   Type           Power      Damage    Failure   Level
 Apportation              Tloc           0%         N/A       34%         1
 Gell's Gravitas          Tloc           0%         N/A       71%         3
 Lesser Beckoning         Tloc           0%         N/A       71%         3
 Teleport Other           Tloc           0%         N/A       71%         3
 Alistair's Intoxication  Tmut/Pois      0%         N/A       100%        5
 Dispersal                Tloc           0%         N/A       100%        6


Dungeon Overview and Level Annotations

Branches:
Dungeon (5/15)             Temple (1/1) D:4

Altars:
Ashenzari
Dithmenos
Elyvilon
Fedhas
Gozag
Hepliaklqana
Kikubaaqudgha
Makhleb
Nemelex Xobeh
Okawaru
Qazlal
Ru
Trog
Uskayaw
Wu Jian
Xom
Yredelemnul
Zin
The Shining One

Shops:
D:4 !


Innate Abilities, Weirdness & Mutations

You can breathe waves of freezing cold which knock back foes.
Your icy white scales are hard. (AC +6)
You cannot fit into any form of body armour.
Your flesh is cold resistant. (rC+)
You are cold-blooded and may be slowed by cold attacks.


Message History

The orc wizard casts a spell at you. The puff of flame misses you.
The orc wizard gestures at you while chanting.
The magic dart hits you.
The orc wizard points at you and mumbles some strange words.
The magic dart hits you.
You have got your breath back.
The orc wizard casts a spell at you. You resist with some effort.
An ogre comes into view. It is wielding a +0 giant club.
The ogre shouts!
You barely miss the ogre. The ogre hits you with a +0 giant club!
* * * LOW HITPOINT WARNING * * *
You slash the ogre!
The ogre is heavily wounded.
The ogre closely misses you.
You hit the ogre.
The ogre is heavily wounded.
The ogre closely misses you.
You slash the ogre! You tail-slap the ogre.
The ogre is almost dead.
The ogre barely misses you.
You slash the ogre!
You kill the ogre!
The orc wizard hits you with a +0 dagger.
* * * LOW HITPOINT WARNING * * *
Your Evocations skill increases to level 5!
The orc priest calls down the wrath of Beogh upon you.
Beogh smites you!
* * * LOW HITPOINT WARNING * * *
Things that are here:
a +0 giant club; an ogre corpse
Found a potion of lignification and 11 gold pieces.
The orc wizard casts a spell at you.
The magic dart hits you but does no damage.
An iguana comes into view.
Found a robe.
The orc wizard points at you and mumbles some strange words.
The magic dart hits you!
You die...

.## .# ..# #.# ..#
##########..# ..#
#....oo....# ..#
#.#######o.# ..#
#.# #o.# ..# #.#
#..# ..# #.# #..#
.## #.# #@.# .# #o#
#.[........#
.#####.#o#
#l##..######
..(....#.# # #.$#
.#######.# ##..#
...# #.####.##..#
...#####o...o...>..
..........o$..#####
...##...#######


You could see an iguana (wandering), an orc wizard and an orc.

Vanquished Creatures
  Sigmund (D:3)
  A necrophage (D:4)
  An ogre (D:5)
  A scorpion (D:5)
  A jelly (D:4)
  An orc priest (D:4)
  Terence (D:3)
  2 iguanas (D:5)
  2 orc wizards (D:3)
  A hound skeleton (D:4)
  4 adders
  A worm (D:3)
  5 orcs
  7 bats
  8 endoplasms
  4 giant cockroaches
  7 goblins
  5 hobgoblins
  2 jackals (D:1)
  6 ball pythons
  2 frilled lizards
  6 kobolds
  8 rats
77 creatures vanquished.

Notes
Turn   | Place    | Note
-------+----------+-------------------------------------------
     0 | D:1      | siradein the Draconian Artificer began the quest for the
                  | Orb.
     0 | D:1      | Reached XP level 1. HP: 16/16 MP: 1/1
   309 | D:1      | Found a faded altar of an unknown god.
   350 | D:1      | Reached XP level 2. HP: 15/23 MP: 2/2
   829 | D:1      | Reached skill level 1 in Long Blades
  1097 | D:2      | Reached XP level 3. HP: 23/29 MP: 3/3
  2155 | D:3      | Reached XP level 4. HP: 28/36 MP: 4/4
  2607 | D:3      | Noticed Terence
  2671 | D:3      | Killed Terence
  2755 | D:3      | Reached XP level 5. HP: 22/44 MP: 5/5
  2949 | D:3      | Noticed Sigmund
  2977 | D:3      | Killed Sigmund
  2978 | D:3      | Reached skill level 4 in Evocations
  2978 | D:3      | Reached XP level 6. HP: 31/51 MP: 6/6
  3810 | D:4      | Found Deyhostry's Distillery.
  3815 | D:4      | Bought a potion of attraction for 36 gold pieces
  3815 | D:4      | Bought a potion of lignification for 36 gold pieces
  3815 | D:4      | Bought a potion of curing for 36 gold pieces
  3815 | D:4      | Bought 2 potions of degeneration for 24 gold pieces
  3913 | D:4      | Found a staircase to the Ecumenical Temple.
  3972 | Temple   | Entered the Ecumenical Temple
  4129 | Temple   | Became a worshipper of Hepliaklqana the Forgotten
  4500 | D:4      | Found a faded altar of an unknown god.
  4500 | D:4      | Found a white marble altar of Elyvilon.
  4509 | D:4      | Found a faded altar of an unknown god.
  4511 | D:4      | Found a stormy altar of Qazlal.
  4513 | D:4      | Found an ornate altar of the Wu Jian Council.
  4556 | D:5      | Entered Level 5 of the Dungeon
  4585 | D:5      | Your scales start taking on an icy white colour.
  4585 | D:5      | Reached XP level 7. HP: 32/59 MP: 7/7
  4585 | D:5      | Gained mutation: Your flesh is cold resistant. (rC+) [White
                  | Draconian growth]
  5037 | D:5      | Reached skill level 5 in Evocations
  5044 | D:5      | Killed from afar by an orc wizard

Illustrated notes

Levels and vault maps discovered:
D:1:      eino_arrival_cavern_a, layout_rooms, shapermc_ecumenical_altar_venn
D:2:      layout_basic, corexii_item_surrounded_by_moat, lemuel_another_geyser
D:3:      layout_loops_cross, uniq_terence, uniq_sigmund
D:4:      layout_loops_ring, chequers_temple_overflow_minitemple,
          minmay_temple_entry_mini_moons, serial_shops, shop
D:5:      layout_loops_ring, minmay_manual_mess
Temple:   regret_index_temple_sphere_string

Skill      XL: |  1  2  3  4  5  6  7 |
---------------+----------------------+-----
Long Blades    | 1 2 3 |  3.7
Fighting       | 2 3 4 |  4.4
Dodging        | 3 4 |  4.1
Evocations     | 4 5 |  5.0
Stealth        | |  0.8

Action                   |  1- 3 |  4- 6 |  7- 9 || total
-------------------------+-------+-------+-------++-------
Melee: Dagger            |    53 |     5 |       ||    58
       Club              |    13 |       |       ||    13
       Tailslap          |    15 |    19 |     1 ||    35
       Spear             |    82 |       |       ||    82
       Short sword       |    33 |     7 |       ||    40
       Long sword        |       |    86 |    14 ||   100
       Punch             |       |     1 |       ||     1
Throw: Dart              |       |     5 |       ||     5
 Abil: Breathe Frost     |       |       |     2 ||     2
 Stab: Sleeping          |     3 |     3 |       ||     6
Armor: Skin              |    56 |    19 |     2 ||    77
Dodge: Dodged            |   112 |    53 |    10 ||   175

Table legend: (Time is in decaauts)
 A = Elapsed time spent in this place.
 B = Non-inter-level travel time spent in this place.
 C = Inter-level travel time spent in this place.
 D = Time resting spent in this place.
 E = Time spent auto-exploring this place.
 F = Levels seen in this place.
 G = Mean time per level.
                   A        B        C        D        E       F      G
               +--------+--------+--------+--------+--------+-----+--------+
         Total |   5064 |   4976 |     88 |    201 |   3796 |   6 |  844.0 |
       Dungeon |   4892 |   4804 |     88 |    201 |   3664 |   5 |  978.4 |
        Temple |    171 |    171 |      0 |      0 |    132 |   1 |  171.0 |
               +--------+--------+--------+--------+--------+-----+--------+

Top non-repeatable levels by time:
     D:3: 1454 daAuts
     D:1: 1053 daAuts
     D:2: 998 daAuts
     D:4: 892 daAuts
     D:5: 493 daAuts
  Temple: 171 daAuts
